 Dungeon Crawl Stone Soup version 0.22.1-2-g9c5b331 (webtiles) character file.

21 spiff the Stinger (level 2, -3/20 HPs)
             Began as a Draconian Venom Mage on Nov 28, 2018.
             Shot with an arrow by a centaur (11 damage)
             ... on level 2 of the Dungeon.
             The game lasted 00:02:07 (800 turns).

spiff the Stinger (Draconian Venom Mage)             Turns: 800, Time: 00:02:08

Health: -3/20      AC:  4    Str: 10    XL:     2   Next: 65%
Magic:  5/5        EV: 12    Int: 15    God:
Gold:   60         SH:  0    Dex: 11    Spells: 2/5 levels left

rFire    . . .     SeeInvis .   j - +0 dagger (venom)
rCold    . . .     Gourm    .   (no shield)
rNeg     . . .     Faith    .   (armour unavailable)
rPois    .         Spirit   .   (helmet restricted)
rElec    .         Reflect  .   (no cloak)
rCorr    .         Harm     .   (no gloves)
MR       .....                  (no boots)
Stlth    ++........             (no amulet)
HPRegen  0.06/turn              (no ring)
MPRegen  0.09/turn              (no ring)

@: no status effects
A: unfitting armour, cold-blooded, AC +4
a: no special abilities


You were on level 2 of the Dungeon.
You were not hungry.

You visited 1 branch of the dungeon, and saw 2 of its levels.

You collected 60 gold pieces.

Inventory:

Hand Weapons
 j - a +0 dagger of venom (weapon)
Jewellery
 i - a cursed ring of attention {unknown}
 l - a +2 ring of protection {unknown}
Scrolls
 e - 2 scrolls of enchant armour {unknown}
 f - a scroll of fog {unknown}
 g - a scroll of random uselessness {unknown}
 h - a scroll of blinking {unknown}
 m - a scroll of amnesia {unknown}
 n - 2 scrolls of immolation {unknown}
Potions
 c - a potion of brilliance {unknown}
 d - 2 potions of might {unknown}
 k - a potion of curing {unknown}
Comestibles
 a - 2 chunks of flesh
 b - 5 rations


   Skills:
 - Level 1.7 Dodging
 - Level 1.7 Stealth
 + Level 2.3 Spellcasting
 + Level 1.7 Conjurations
 + Level 3.3 Poison Magic


You had 2 spell levels left.
You knew the following spells:

 Your Spells              Type           Power        Failure   Level  Hunger
a - Sting                 Conj/Pois      #...         8%          1    #......
b - Poisonous Vapours     Pois/Air       #.....       16%         2    ###....

Your spell library contained the following spells:

 Spells                   Type           Power        Failure   Level  Hunger
 Mephitic Cloud           Conj/Pois/Air  #.......     32%         3    ###....
 Olgreb's Toxic Radiance  Pois           ##......     47%         4    #####..
 Venom Bolt               Conj/Pois      #.........   91%         5    ######.


Dungeon Overview and Level Annotations

Branches:
Dungeon (2/15)

Altars:
Uskayaw


Innate Abilities, Weirdness & Mutations

Your plain brown scales are hard. (AC +4)
You cannot fit into any form of body armour.
You are cold-blooded and may be slowed by cold attacks.


Message History

Some of the chunks of flesh in your inventory have rotted away.
Found a dagger.
n - 2 scrolls labeled VEOCWI PESMADO (gained 1)
You now have 53 gold pieces (gained 11).
You open the door.
There is an open door here.
You now have 60 gold pieces (gained 7).
Key pressed, stopping explore.
Found a hide-covered altar of Uskayaw.
A centaur comes into view. It is wielding a rapier.
The centaur moves out of view.
The centaur shouts!
The centaur unwields an uncursed rapier.
The centaur wields a shortbow.
The centaur shoots an arrow.
The arrow hits you!
Ouch! That really hurt!
Found a scroll labeled VEOCWI PESMADO.
You see here an arrow.
The centaur shoots an arrow.
The arrow hits you!
Ouch! That really hurt!
You die...

#.# #.# #....# #.### #.#
#.###.#..###...#
####.#####.....#.........
#........#######..#####.#
#.##.###.# #..#####.#
#......#.# ##........#
#..###.#.# ##.....#####
#.. #...# ##.......##
#.?###..@####.........#
.........(..'.........+
##.##.....####..c......#
...#.#..# ##.......##
##.._..## ##.....## ##
###.### ##...## #. #.
##'## #. # #####.#### #.
#........# #.


You could see a centaur.

Vanquished Creatures
  2 dart slugs (D:1)
  A leopard gecko (D:2)
  4 goblins (D:1)
  A hobgoblin (D:1)
  2 kobolds (D:1)
  4 bats (D:1)
  3 rats (D:1)
17 creatures vanquished.

Notes
Turn   | Place    | Note
-------+----------+-------------------------------------------
     0 | D:1      | spiff the Draconian Venom Mage began the quest for the Orb.
     0 | D:1      | Reached XP level 1. HP: 14/14 MP: 3/3
   193 | D:1      | Reached XP level 2. HP: 18/20 MP: 0/5
   404 | D:1      | Learned a level 2 spell: Poisonous Vapours
   796 | D:2      | Found a hide-covered altar of Uskayaw.
   798 | D:2      | Noticed a centaur
   800 | D:2      | Shot with an arrow by a centaur

Action                   || total
-------------------------++-------
Melee: Dagger            ||     8
       Unarmed           ||     4
       Tailslap          ||     1
 Cast: Sting             ||    28
       Poisonous Vapours ||     1
Armor: Skin              ||     4
Dodge: Dodged            ||    20
